 Dungeon Crawl Stone Soup version 0.26.1-11-gd32895ea62 (webtiles) character file.

Game seed: 17819007724132729491

886 Zeld the Cleaver (level 7, 0/57 HPs)
             Began as a Minotaur Berserker on May 28, 2021.
             Was a Priest of Trog.
             Slain by a centaur (7 damage)
             ... on level 5 of the Dungeon.
             The game lasted 00:06:00 (6197 turns).

Zeld the Cleaver (Minotaur Berserker)               Turns: 6197, Time: 00:06:00

Health: 0/57       AC:  1    Str: 24    XL:     7   Next: 77%
Magic:  6/6        EV: 12    Int:  4    God:    Trog [***...]
Gold:   348        SH:  0    Dex:  9    Spells: 6/6 levels left

rFire    + . .     SeeInvis +   a - +4 hand axe
rCold    + . .     Faith    .   (no shield)
rNeg     . . .     Spirit   .   (no armour)
rPois    .         Reflect  .   (helmet restricted)
rElec    .         Harm     .   d - scarf {rC+ rF+}
rCorr    .         Rampage  .   (no gloves)
Will     +....                  p - +0 pair of boots
Stlth    +.........             (no amulet)
HPRegen  0.19/turn              e - ring of willpower
MPRegen  0.10/turn              b - ring of see invisible

@: no status effects
A: retaliatory headbutt, horns 2
a: Renounce Religion, Berserk, Trog's Hand


You were on level 5 of the Dungeon.
You worshipped Trog.
Trog was most pleased with you.
You visited 1 branch of the dungeon, and saw 5 of its levels.

You collected 348 gold pieces.

Inventory:

Hand Weapons
 a - a +4 hand axe (weapon)
Armour
 d - a scarf of resistance (worn)
 p - a +0 pair of boots (worn)
Jewellery
 b - a ring of see invisible (right hand)
 e - a ring of willpower (left hand)
 q - an uncursed ring of resist corrosion
Scrolls
 f - 3 scrolls of teleportation
 h - a scroll of magic mapping
 j - 4 scrolls of remove curse {unknown}
 k - a scroll of fear {unknown}
 m - 3 scrolls of enchant weapon {unknown}
 n - 3 scrolls of random uselessness {unknown}
 o - a scroll of enchant armour {unknown}
Potions
 c - a potion of magic {unknown}
 g - 2 potions of curing
 i - a potion of heal wounds
 l - 3 potions of haste


   Skills:
 - Level 3.6 Fighting
 * Level 11.0 Axes
 - Level 2.4 Armour
 - Level 2.1 Dodging


You had 6 spell levels left.
You didn't know any spells.
Your spell library was empty.

Dungeon Overview and Level Annotations

Branches:
Dungeon (5/15)             Temple (0/1) D:4

Altars:

Shops:
D:4 [


Innate Abilities, Weirdness & Mutations

You reflexively headbutt those who attack you in melee.
You have a pair of horns on your head.


Message History

The centaur shoots an arrow.
The arrow hits you!
The centaur shoots an arrow.
The arrow hits you!
You hit the centaur. Your headbutt misses the centaur.
The centaur is moderately wounded.
The centaur unwields a +2 vorpal shortbow.
The centaur barely misses you.
You are too injured to fight recklessly!
You slash the centaur!
The centaur is heavily wounded.
The centaur hits you. The centaur hits you!
* * * LOW HITPOINT WARNING * * *
You are too injured to fight recklessly!
You hit the centaur.
The centaur is heavily wounded.
The centaur hits you!
* * * LOW HITPOINT WARNING * * *
You slash the centaur!
The centaur is almost dead.
The centaur hits you!
You die...

.......#....#########.
........#.>...?:....<..
.......#....###'#####.
./.....#....#.........
.......#....#....#.##.
........†.###....#.##.
..........# ###.##.###
#####c....### #.##.#
#@.(....# #.##..
#.......# #.####
#(......# #.. #.....###
### #.....# #.........
#.......## #.......#
#.......#


You could see a centaur.

Vanquished Creatures
  Sigmund (D:3)
  3 phantoms (D:4)
  A centaur (D:5)
  A hound (D:5)
  Crazy Yiuf (D:2)
  2 orc wizards (D:3)
  A worker ant (D:5)
  9 gnolls
  10 adders
  A worm (D:2)
  4 leopard geckos
  3 orcs
  11 bats
  2 giant cockroaches
  11 goblins
  3 hobgoblins
  3 jackals (D:2)
  3 quokkas
  2 ball pythons (D:3)
  4 frilled lizards
  A giant cockroach zombie (D:5)
  5 kobolds
  10 rats
92 creatures vanquished.

Vanquished Creatures (others)
  A plant (D:3)
1 creature vanquished.

Grand Total: 93 creatures vanquished

Notes
Turn   | Place    | Note
-------+----------+-------------------------------------------
     0 | D:1      | Zeld the Minotaur Berserker began the quest for the Orb.
     0 | D:1      | Reached XP level 1. HP: 19/19 MP: 0/0
   275 | D:1      | Reached skill level 4 in Axes
   393 | D:1      | Reached XP level 2. HP: 26/26 MP: 1/1
  1531 | D:2      | Reached skill level 5 in Axes
  1531 | D:2      | Reached XP level 3. HP: 31/31 MP: 2/2
  1678 | D:2      | Reached ** piety under Trog
  2225 | D:2      | Reached skill level 6 in Axes
  2225 | D:2      | Reached XP level 4. HP: 39/39 MP: 3/3
  3051 | D:2      | Found a runed translucent door.
  3052 | D:2      | Noticed Crazy Yiuf
  3060 | D:2      | Killed Crazy Yiuf
  3061 | D:2      | Reached skill level 7 in Axes
  3061 | D:2      | Reached XP level 5. HP: 45/45 MP: 4/4
  3165 | D:3      | Noticed Sigmund
  3381 | D:3      | Killed Sigmund
  3382 | D:3      | Reached skill level 8 in Axes
  3382 | D:3      | Reached XP level 6. HP: 51/51 MP: 5/5
  3549 | D:3      | Reached skill level 9 in Axes
  3737 | D:3      | Reached *** piety under Trog
  4263 | D:4      | Reached XP level 7. HP: 44/57 MP: 6/6
  4470 | D:4      | Reached skill level 10 in Axes
  5271 | D:4      | Found a staircase to the Ecumenical Temple.
  5651 | D:4      | Found Pasajoel's Antique Armour Shop.
  5752 | D:5      | Entered Level 5 of the Dungeon
  6092 | D:5      | Reached skill level 11 in Axes
  6197 | D:5      | Slain by a centaur

Illustrated notes

Levels and vault maps discovered:
D:1:      psy_arrival_dodecagon, layout_basic, hex_medium,
          chequers_serial_rivers_small_3
D:2:      layout_loops_ring, minmay_quadrilaterals, uniq_crazy_yiuf_cottage
D:3:      layout_basic, saegor_snake_ambush, uniq_sigmund
D:4:      layout_loops_ring, minmay_temple_entry_from_below_a, serial_shops,
          kennysheep_mini
D:5:      layout_basic

Skill      XL: |  1  2  3  4  5  6  7 |
---------------+----------------------+-----
Axes           | 4 5 6 7 8 9 11 | 11.0
Fighting       | |  3.6
Armour         | |  2.4
Dodging        | |  2.1

Action                   |  1- 3 |  4- 6 |  7- 9 || total
-------------------------+-------+-------+-------++-------
Melee: Hand axe          |    70 |   119 |    59 ||   248
       Headbutt          |     6 |    10 |    10 ||    26
Invok: Berserk           |     1 |     4 |     2 ||     7
  Use: Scroll            |       |     5 |     2 ||     7
Armor: Skin              |    24 |    18 |       ||    42
Dodge: Dodged            |    50 |    76 |    22 ||   148
